 Dungeon Crawl Stone Soup version 0.28.0 (webtiles) character file.

Game seed: 823936926634416439

18933 HallandMoats the Cleaver (level 12, -2/105 HPs)
             Began as a Ghoul Monk on Feb 7, 2022.
             Was a High Priest of Qazlal.
             Slain by laceratedsky's ghost (17 damage)
             ... on level 12 of the Dungeon.
             The game lasted 00:14:22 (15601 turns).

HallandMoats the Cleaver (Ghoul Monk)              Turns: 15601, Time: 00:14:23

Health: -2/105     AC: 14    Str: 20    XL:     12   Next: 63%
Magic:  11/11      EV: 19    Int:  5    God:    Qazlal [*****.]
Gold:   221        SH: 12    Dex: 15    Spells: 11/11 levels left

rFire   + . .      SeeInvis .     - Unarmed
rCold   + . .      Faith    .   G - +0 buckler
rNeg    + + +      Spirit   .   D - +0 steam dragon scales
rPois   ∞          Reflect  .   H - +2 helmet
rElec   .          Harm     .   A - +0 cloak
rCorr   .          Rampage  .   (no gloves)
Will    .....                   (no boots)
Stlth   +.........              (no amulet)
HPRegen 0.00/turn               f - ring of protection from fire
MPRegen 0.12/turn               C - ring of Benevolence {EV+4 Str+2 Dex+2 Stlth-}

@: protected from physical damage, inhibited regen, studying Earth Magic, repel
missiles
A: claws 1, cold resistance 1, negative energy resistance 3, inhibited
regeneration, torment resistance 2
a: Renounce Religion, Upheaval, Elemental Force, Disaster Area


You were on level 12 of the Dungeon.
You worshipped Qazlal.
Qazlal was extremely pleased with you.
You visited 1 branch of the dungeon, and saw 12 of its levels.

You collected 583 gold pieces.
You spent 362 gold pieces at shops.

Inventory:

Hand Weapons
 b - the +6 hand axe of the Endless March {vorpal, rPois rN+}
   (You took it off a hobgoblin on level 3 of the Dungeon)

   It inflicts extra damage upon your enemies.
   rPois:     It protects you from poison.
   rN:        It protects you from negative energy.
Missiles
 F - a throwing net (quivered)
Armour
 A - a +0 cloak (worn)
 D - +0 steam dragon scales (worn)
 G - a +0 buckler (worn)
 H - a +2 helmet (worn)
Jewellery
 f - a ring of protection from fire (left claw)
 k - a ring of fire
 C - the ring of Benevolence (right claw) {EV+4 Str+2 Dex+2 Stlth-}
   (You found it on level 8 of the Dungeon)

   [ring of evasion]

   EV:        It affects your evasion (+4).
   Str:       It affects your strength (+2).
   Dex:       It affects your dexterity (+2).
   Stlth:     It makes you less stealthy.
Wands
 r - a wand of iceblast (13)
 u - a wand of acid (21)
Scrolls
 a - 4 scrolls of enchant weapon
 i - 2 scrolls of enchant armour
 m - 2 scrolls of blinking
 o - a scroll of immolation
 q - a scroll of magic mapping
 s - a scroll of torment
 x - a scroll of amnesia
 y - 5 scrolls of teleportation
Potions
 c - 2 potions of cancellation {unknown}
 d - 2 potions of degeneration {unknown}
 e - 4 potions of magic {unknown}
 g - 3 potions of curing
 h - 2 potions of attraction {unknown}
 j - 2 potions of heal wounds {unknown}
 l - a potion of experience {unknown}
 n - 2 potions of lignification {unknown}
 p - a potion of flight {unknown}
 t - a potion of resistance {unknown}
 v - a potion of might {unknown}
 w - 5 potions of mutation {unknown}
 B - 2 potions of ambrosia {unknown}


   Skills:
 + Level 9.5 Fighting
 * Level 10.1 Axes
 + Level 7.1 Armour
 + Level 7.8 Dodging
 - Level 2.1 Stealth
 * Level 6.5 Shields
 + Level 9.4 Unarmed Combat


You had 11 spell levels left.
You didn't know any spells.
Your spell library contained the following spells:

 Spells                   Type           Power      Damage    Failure   Level
 Sting                    Tmut/Pois      0%         1d3       56%         1
 Ensorcelled Hibernation  Hex/Ice        0%         N/A       71%         2
 Poisonous Vapours        Pois/Air       0%         N/A       71%         2
 Ignite Poison            Fire/Tmut/Pois 0%         N/A       90%         3
 Mephitic Cloud           Conj/Pois/Air  0%         N/A       90%         3
 Portal Projectile        Hex/Tloc       0%         N/A       90%         3
 Anguish                  Hex/Necr       0%         N/A       100%        4
 Fulminant Prism          Conj/Hex       0%         3d6       100%        4
 Iskenderun's Mystic Bla  Conj/Tloc      0%         2d3       100%        4
 Olgreb's Toxic Radiance  Pois           0%         N/A       100%        4
 Petrify                  Tmut/Erth      0%         N/A       100%        4
 Excruciating Wounds      Necr           0%         N/A       100%        5
 Freezing Cloud           Conj/Ice/Air   0%         6-21      100%        5
 Lee's Rapid Deconstruct  Erth           0%         3d5*      100%        5
 Metabolic Englaciation   Hex/Ice        0%         N/A       100%        5
 Spider Form              Tmut/Pois      Unusable   N/A       N/A         3
 Blade Hands              Tmut           Unusable   N/A       N/A         5
 Statue Form              Tmut/Erth      Unusable   N/A       N/A         6

Dungeon Overview and Level Annotations

Branches:
Dungeon (12/15)            Temple (0/1) D:4            Lair (0/6) D:10
    Orc (0/2) D:11

Altars:
Ashenzari
Cheibriados
Dithmenos
Elyvilon
Makhleb
Qazlal
Trog
Vehumet
Wu Jian
Xom
Yredelemnul

Shops:
D:1 [   D:9 ?

Portals:
Trove: D:10 (give +7 demon whip)

Annotations:
D:3 2 transporters, SnakkuSnakku7's ghost, amateur HODe
D:12 laceratedsky's ghost, journeyman MiBe


Innate Abilities, Weirdness & Mutations

You thrive by killing the living.
You are immune to poison.
You have sharp fingernails.
Your flesh is cold resistant. (rC+)
You are immune to negative energy. (rN+++)
You do not regenerate when monsters are visible.
You are immune to unholy pain and torment.


Message History

You closely miss laceratedsky's ghost.
Laceratedsky's ghost is lightly damaged.
You block laceratedsky's ghost's attack.
You hit laceratedsky's ghost but do no damage.
Laceratedsky's ghost is lightly damaged.
Laceratedsky's ghost closely misses you.
You hit laceratedsky's ghost but do no damage.
Laceratedsky's ghost is lightly damaged.
You block laceratedsky's ghost's attack.
You slash laceratedsky's ghost!
Laceratedsky's ghost is lightly damaged.
You block laceratedsky's ghost's attack.
You barely miss laceratedsky's ghost.
Laceratedsky's ghost is lightly damaged.
Laceratedsky's ghost hits you!
You barely miss laceratedsky's ghost.
Laceratedsky's ghost is lightly damaged.
You closely miss laceratedsky's ghost.
Laceratedsky's ghost is lightly damaged.
Laceratedsky's ghost hits you!!
You closely miss laceratedsky's ghost.
Laceratedsky's ghost is lightly damaged.
Laceratedsky's ghost hits you but does no damage.
You hit laceratedsky's ghost but do no damage.
Laceratedsky's ghost is lightly damaged.
Laceratedsky's ghost misses you.
You are now empty-clawed.
You claw laceratedsky's ghost!
Laceratedsky's ghost is moderately damaged.
Laceratedsky's ghost hits you!!
* * * LOW HITPOINT WARNING * * *
You feel more protected from physical attacks.
You scratch laceratedsky's ghost.
Laceratedsky's ghost is moderately damaged.
You block laceratedsky's ghost's attack.
You closely miss laceratedsky's ghost.
Laceratedsky's ghost is moderately damaged.
Laceratedsky's ghost says, "I'll split you in two!"
Laceratedsky's ghost hits you!
You die...

..........# #...............#....
..........# #....................
...##.....###........###'###.....
###............#####.......#.....
#............#...........#.....
###...........>#...........#.#+#.
................○§☼........#.#...
...#............°..........#.#.#.
.........####...@.°........'.#...
...............○W§.........###...
..............°..§...............
..........####''####.............
...##.....##$..≈..≈##............
#####...>.#≈≈8.#.≈###..?.........
#.....#≈#.≈..?# #...####.####
#.....##..)..#≈##...# #...##
#.....####.#.######## ####..


You could see laceratedsky's ghost.

Vanquished Creatures
  Erica (D:9)
  A hydra (D:12)
  6 two-headed ogres
  An ugly thing (D:11)
  2 cyclopes
  2 manticores
  2 unseen horrors (D:11)
  Psyche (D:11)
  A kobold demonologist (D:11)
  Grinder (D:4)
  3 slime creatures (D:12)
  2 shadows (D:12)
  A wyvern (D:9)
  21 yaks
  A vampire (D:11)
  3 wraiths
  3 steam dragons
  4 vampire mosquitoes (D:11)
  Menkaure (D:5)
  3 wargs (D:10)
  An acid dragon (D:12)
  An ice beast (D:7)
  A black bear (D:5)
  6 orc warriors
  2 sky beasts
  A hornet zombie (D:5)
  5 necrophages
  2 ogres
  2 centaurs
  Blork the orc (D:6)
  5 bullfrogs
  A wyvern zombie (D:5)
  A water moccasin zombie (D:7)
  A scorpion (D:6)
  2 wyvern skeletons
  6 killer bees (D:9)
  4 howler monkeys
  A bullfrog zombie (D:5)
  9 orc priests
  5 centaur zombies
  3 jellies
  A hound (D:6)
  A centaur skeleton (D:7)
  2 gnoll shamans
  Crazy Yiuf (D:7)
  4 bullfrog skeletons
  Natasha (thrice) (D:3)
  2 iguanas
  9 orc wizards
  A howler monkey skeleton (D:5)
  6 gnolls
  8 adders
  2 shadow imps (D:8)
  A white imp (D:6)
  An ufetubus (D:5)
  An adder skeleton (D:4)
  3 dart slugs
  33 orcs
  7 ball pythons
  4 endoplasms
  4 giant cockroaches
  5 goblins
  4 hobgoblins
  2 jackals (D:5)
  8 kobolds
  A quokka (D:1)
  6 bats
  3 frilled lizards
  4 rats
247 creatures vanquished.

Notes
Turn   | Place    | Note
-------+----------+-------------------------------------------
     0 | D:1      | HallandMoats the Ghoul Monk began the quest for the Orb.
     0 | D:1      | Reached XP level 1. HP: 19/19 MP: 0/0
   237 | D:1      | Reached XP level 2. HP: 17/26 MP: 1/1
   661 | D:1      | Found a faded altar of an unknown god.
   669 | D:1      | Prayed at the altar of an unknown god.
   669 | D:1      | Became a worshipper of Qazlal Stormbringer
   669 | D:1      | Reached * piety under Qazlal
   669 | D:1      | Reached ** piety under Qazlal
   799 | D:1      | Found Nasag's Antique Armour Boutique.
   836 | D:2      | Reached skill level 1 in Armour
   904 | D:2      | Reached XP level 3. HP: 31/31 MP: 2/2
   997 | D:2      | Reached *** piety under Qazlal
  1667 | D:3      | Found a broken altar of Ashenzari.
  1684 | D:3      | Noticed Natasha
  1685 | D:3      | Found a shadowy altar of Dithmenos.
  1860 | D:3      | Killed Natasha
  1861 | D:3      | Reached XP level 4. HP: 13/40 MP: 3/3
  2037 | D:3      | Identified the +6 hand axe of the Endless March {vorpal,
                  | rPois rN+}
  2200 | D:3      | Noticed Natasha
  2211 | D:3      | Killed Natasha
  2471 | D:3      | Found a transporter.
  2472 | D:3      | Found a transporter.
  2518 | D:3      | Noticed an ogre
  2518 | D:3      | Identified the +3 giant club of Arbitration {freeze, rF+
                  | rN+ rCorr SInv}
  2518 | D:3      | Noticed an ogre
  2518 | D:3      | Noticed SnakkuSnakku7's ghost (amateur HODe)
  2577 | D:3      | Noticed Natasha
  2582 | D:3      | Killed Natasha
  2583 | D:3      | Reached skill level 1 in Axes
  2583 | D:3      | Reached XP level 5. HP: 45/46 MP: 4/4
  2879 | D:4      | Found a bloodstained altar of Trog.
  2896 | D:4      | Identified the +1 robe of Pairgh {rN+}
  2952 | D:4      | Noticed Grinder
  2972 | D:4      | Killed Grinder
  2973 | D:4      | Reached skill level 2 in Axes
  2973 | D:4      | Reached XP level 6. HP: 10/53 MP: 5/5
  3399 | D:4      | Reached XP level 7. HP: 53/60 MP: 6/6
  3760 | D:4      | Found a staircase to the Ecumenical Temple.
  3763 | D:4      | Reached skill level 3 in Axes
  3976 | D:5      | Entered Level 5 of the Dungeon
  3986 | D:5      | Noticed Menkaure
  3990 | D:5      | Reached skill level 5 in Fighting
  3995 | D:5      | Killed Menkaure
  3996 | D:5      | Reached skill level 5 in Unarmed Combat
  4206 | D:5      | Reached **** piety under Qazlal
  4207 | D:5      | Reached skill level 4 in Axes
  4207 | D:5      | Reached XP level 8. HP: 58/68 MP: 7/7
  5477 | D:6      | Reached skill level 5 in Axes
  5498 | D:6      | Found a basalt altar of Yredelemnul.
  5626 | D:6      | Reached XP level 9. HP: 71/75 MP: 8/8
  5684 | D:6      | Reached skill level 5 in Dodging
  5733 | D:6      | Noticed Blork the orc
  5742 | D:6      | Killed Blork the orc
  5993 | D:6      | Reached skill level 6 in Axes
  6431 | D:6      | Found a burning altar of Makhleb.
  6526 | D:7      | Found a runed translucent door.
  6527 | D:7      | Noticed Crazy Yiuf
  6536 | D:7      | Killed Crazy Yiuf
  7762 | D:8      | Reached skill level 7 in Axes
  7762 | D:8      | Reached skill level 5 in Armour
  7762 | D:8      | Reached XP level 10. HP: 81/86 MP: 9/9
  7770 | D:8      | Identified the ring of Benevolence {EV+4 Str+2 Dex+2
                  | Stlth-}
  7810 | D:8      | Reached ***** piety under Qazlal
  8177 | D:8      | Noticed a two-headed ogre
  8190 | D:8      | Killed a two-headed ogre
  8404 | D:8      | Found a shimmering altar of Xom.
  9317 | D:9      | Found an ornate altar of the Wu Jian Council.
  9377 | D:9      | Reached skill level 1 in Shields
  9459 | D:9      | Noticed Erica
  9474 | D:9      | Killed Erica
  9481 | D:9      | Noticed a two-headed ogre
  9504 | D:9      | Killed a two-headed ogre
  9505 | D:9      | Reached skill level 8 in Axes
  9563 | D:9      | You fall into a shaft and drop 3 floors!
  9572 | D:12     | Noticed a manticore
  9579 | D:12     | Reached XP level 11. HP: 78/94 MP: 10/10
  9580 | D:12     | Killed a manticore
 10101 | D:11     | Noticed a two-headed ogre
 10109 | D:11     | Noticed a sixfirhy
 10115 | D:11     | Killed a two-headed ogre
 10120 | D:11     | HP: 2/95 [sixfirhy[a kobold demonologist] (11)]
 10709 | D:10     | Entered Level 10 of the Dungeon
 10858 | D:10     | Found a snail-covered altar of Cheibriados.
 11233 | D:9      | Found Ilah Roi's Magic Scroll Shop.
 11242 | D:9      | Bought a scroll of blinking for 82 gold pieces
 11242 | D:9      | Bought a scroll of identify for 22 gold pieces
 11242 | D:9      | Bought 2 scrolls of identify for 44 gold pieces
 11242 | D:9      | Bought a scroll of torment for 82 gold pieces
 11242 | D:9      | Bought a scroll of teleportation for 33 gold pieces
 11242 | D:9      | Bought 3 scrolls of teleportation for 99 gold pieces
 11917 | D:10     | Found a radiant altar of Vehumet.
 11954 | D:10     | Found a staircase to the Lair.
 11998 | D:10     | Reached skill level 9 in Axes
 12054 | D:10     | Noticed a two-headed ogre
 12069 | D:10     | Killed a two-headed ogre
 12365 | D:10     | Found a portal to a secret trove of treasure.
 12709 | D:11     | Noticed a cyan ugly thing
 12712 | D:11     | Noticed a two-headed ogre
 12723 | D:11     | Killed a cyan ugly thing
 12724 | D:11     | Reached skill level 5 in Shields
 12726 | D:11     | Killed a two-headed ogre
 13013 | D:11     | Reached XP level 12. HP: 82/103 MP: 11/11
 13200 | D:11     | Found a staircase to the Orcish Mines.
 13710 | D:11     | Noticed a two-headed ogre
 13725 | D:11     | Killed a two-headed ogre
 13951 | D:11     | Noticed Psyche
 13964 | D:11     | Killed Psyche
 14308 | D:12     | Noticed a four-headed hydra
 14322 | D:12     | Killed a four-headed hydra
 14581 | D:12     | Reached skill level 10 in Axes
 15314 | D:12     | Found a large runed translucent door.
 15314 | D:12     | Found a large runed translucent door.
 15317 | D:12     | Noticed laceratedsky's ghost (journeyman MiBe)
 15601 | D:12     | Slain by laceratedsky's ghost

Illustrated notes

Levels and vault maps discovered:
D:1:      onia_arrival_pyramid, layout_loops_ring, serial_shops,
          nicolae_shop_hallway_stairs, shapermc_ecumenical_altar_pompeii
D:2:      layout_basic, serial_corexii_hall, corexii_hall_statues_i,
          corexii_hall_statues_l, corexii_hall_statues_deadend,
          corexii_hall_statues_x
D:3:      layout_rooms, mainiacjoe_overflow_concentric_impassable,
          mainiacjoe_overflow_tiny_flanked, gammafunk_ghost_smash,
          grunt_ministairs_2, uniq_natasha
D:4:      layout_basic, bloody_trog, minmay_temple_entry_glassed_door,
          uniq_grinder
D:5:      layout_rooms, corexii_checkpoint_b, minivault_11,
          minmay_manual_monolith, uniq_menkaure
D:6:      layout_basic, mainiacjoe_overflow_cross_hatched,
          makhleb_heckhound_becter, hangedman_decor_push, uniq_blork_the_orc
D:7:      layout_basic, uniq_crazy_yiuf_cottage
D:8:      layout_layer_cave, chequers_temple_overflow_statue_of_worship,
          hex_tiny, hangedman_decor_lopped
D:9:      layout_long_grid, nzn_wu_jian_council_hall, serial_shops, shop_statue,
          uniq_erica
D:10:     layout_layer_cave, mainiacjoe_overflow_small_starburst,
          kennysheep_mini_moat, erik_lair_orcish_takeover,
          nicolae_trove_entry_crystal
D:11:     layout_roguey, orc_0_dummy, minmay_quadrilaterals, uniq_psyche
D:12:     layout_basic, ebering_ghost_disaster_area, grunt_decor_clamped

Skill      XL: |  1  2  3  4  5  6  7  8  9 10 11 12 |
---------------+-------------------------------------+-----
Armour         | 1 2 3 4 5 6 7 |  7.1
Dodging        | 3 4 5 6 7 |  7.8
Fighting       | 4 5 6 7 8 9 |  9.5
Unarmed Combat | 4 5 6 7 8 9 |  9.4
Axes           | 1 2 4 5 7 8 9 10 | 10.1
Shields        | 2 5 6 |  6.5
Stealth        | |  2.1

Action                   |  1- 3 |  4- 6 |  7- 9 | 10-12 || total
-------------------------+-------+-------+-------+-------++-------
Melee: Unarmed           |    95 |     5 |       |    12 ||   112
       Punch             |     2 |     1 |     8 |     4 ||    15
       Hand axe          |       |    56 |   275 |   480 ||   811
  Use: Scroll            |       |       |       |    10 ||    10
       Potion            |       |       |       |     4 ||     4
 Stab: Sleeping          |     1 |       |       |       ||     1
Armor: Robe              |     5 |       |       |       ||     5
       Chain mail        |    18 |    34 |    83 |       ||   135
       Steam dragon scal |       |       |       |   102 ||   102
Dodge: Dodged            |    36 |    23 |    80 |   332 ||   471
       Repelled          |       |       |     3 |     3 ||     6
Block: Other             |     4 |     7 |    67 |    12 ||    90
       Buckler           |       |       |       |   245 ||   245
